 Dungeon Crawl Stone Soup version 0.16-a0-4092-gb8933cd (webtiles) character file.

1834 Sixotanaka the Grappler (level 8, -2/70 HPs)
             Began as a Troll Warper on Feb 24, 2015.
             Slain by Prince Ribbit (17 damage)
             ... on level 6 of the Dungeon.
             The game lasted 00:09:16 (4086 turns).

Sixotanaka the Grappler (Troll Warper)              Turns: 4086, Time: 00:09:16

Health: -2/70      AC:  5    Str: 20    XL:     8   Next: 87%
Magic:  0/6        EV: 10    Int:  9    God:
Gold:   308        SH:  0    Dex: 11    Spells: 1 memorised, 8 levels left

rFire  . . .     SeeInvis .       - Unarmed
rCold  . . .     Clarity  .     M - +0 robe
rNeg   . . .     SustAb   .     (shield restricted)
rPois  .         Gourm    +     (helmet restricted)
rElec  .         Spirit   +     (no cloak)
rCorr  .         Warding  .     (gloves unavailable)
rMut   .         Stasis   .     (boots unavailable)
MR     .....                    r - amulet of guardian spirit
Stlth  +.........               (no ring)
                                (no ring)

@: not resistant to hostile enchantments, very unstealthy
A: unfitting armour, claws 3, fast metabolism 3, gourmand, regeneration 2,
shaggy fur 1, tough skin 2
a: no special abilities


You were on level 6 of the Dungeon.
You were completely stuffed.

You visited 1 branch of the dungeon, and saw 6 of its levels.
You also visited: Sewer.

You collected 338 gold pieces.
You spent 30 gold pieces at shops.


Innate Abilities, Weirdness & Mutations

You are too large for most types of armour.
You have claws for hands.
Your metabolism is lightning-fast.
You like to eat raw meat.
You heal very quickly.
You are covered in fur (AC +1).
You have very tough skin (AC +2).


   Skills:
 - Level 1.5 Fighting
 - Level 0.8 Throwing
 - Level 0.7 Armour
 - Level 1.5 Dodging
 + Level 11.5 Unarmed Combat
 - Level 1.2 Spellcasting
 - Level 2.1 Translocations


You had 8 spell levels left.
You knew the following spells:

 Your Spells              Type           Power        Failure   Level  Hunger
e - Apportation           Tloc           #.........   14%         1    ##.....


Dungeon Overview and Level Annotations

Branches:
Dungeon (6/15)
 Temple: D:4-7

Altars:
Gozag
Kikubaaqudgha
Ru
Sif Muna
Yredelemnul
The Shining One

Shops:
D:5 }*%

Annotations:
D:6 Prince Ribbit

Inventory:

Hand weapons
 C - a +0 blowgun
Missiles
 e - 5 tomahawks of dispersal {!f}
 l - a throwing net
 n - 42 stones (quivered)
 F - 23 poisoned needles
 J - 3 tomahawks
Armour
 M - a +0 robe (worn)
Jewellery
 r - an amulet of guardian spirit (around neck)
Magical devices
 x - a wand of confusion (34)
 y - a wand of draining (5)
 E - a wand of cold (7)
Scrolls
 d - 2 scrolls of blinking
 g - 5 scrolls of fear {unknown}
 h - 3 scrolls of remove curse {unknown}
 i - 3 scrolls of enchant weapon {unknown}
 k - 2 scrolls of enchant armour {unknown}
 m - 6 scrolls of teleportation {unknown}
 s - 3 scrolls of identify {unknown}
 B - a scroll of random uselessness {unknown}
 H - 2 scrolls of noise {unknown}
 K - a scroll of recharging {unknown}
 L - a scroll of fog
Potions
 b - a potion of cancellation {unknown}
 f - a potion of haste {unknown}
 j - a potion of brilliance {unknown}
 o - a potion of lignification {unknown}
 p - a potion of heal wounds {unknown}
 q - a potion of might {unknown}
 u - a potion of agility {unknown}
 w - 3 potions of degeneration {unknown}
 z - a potion of magic {unknown}
 A - a potion of curing {unknown}
 D - a potion of cure mutation {unknown}
 G - a potion of invisibility {unknown}
 N - a potion of mutation {unknown}
 P - a potion of resistance {unknown}
Books
 c - a book of Spatial Translocations
Comestibles
 a - 5 meat rations
 t - 4 bread rations
 v - a slice of pizza
 I - a beef jerky
 O - 7 chunks of flesh

.## #. #.# ..# #.# #.#
).#######.#..##.#
.................
..###.### #.....# ..#
#...## ..# ##..5o# ..#
........#F# ..# #.####.#@#
..#######..# #.).######.##
...........# ###..........
....#.####.# #.######...
....†.####.### #.........#
....#.##.....# #.>........
......##.....###.#######.#
.........._......#
....####.....##.##


You could see Prince Ribbit (bleeding), a crimson imp and an orc.


Message History

You scratch Ijyb but do no damage. Ijyb completely misses you.
You scratch Ijyb.
Ijyb begins to bleed from his wounds!
Ijyb hits you but does no damage.
You mangle Ijyb!! You claw Ijyb.
You kill Ijyb!
You scratch the yak.
The yak begins to bleed from its wounds!
The yak gores you.
* * * LOW HITPOINT WARNING * * *
You scratch the yak but do no damage. The yak barely misses you.
You claw the yak! The yak completely misses you.
You claw the yak! You claw the yak!
You kill the yak!
m - 6 scrolls labeled TEGU MIHOIROWU (gained 1)
Items here: †††† a yak corpse; the goblin corpse of Ijyb; a yak corpse; a yak corpse You butcher the yak corpse.
O - 3 chunks of flesh (gained 2)
Things that are here:
a yak corpse; the goblin corpse of Ijyb; a yak corpse You butcher the yak corpse.
O - 4 chunks of flesh (gained 1)
Things that are here:
a yak corpse; the goblin corpse of Ijyb You butcher the yak corpse.
O - 8 chunks of flesh (gained 4)
You see here the goblin corpse of Ijyb.
You butcher the goblin corpse of Ijyb.
O - 9 chunks of flesh (gained 1)
You see here the goblin skeleton of Ijyb.
You start resting.
Eating one of 9 chunks of flesh.
This raw flesh tastes great.
You continue eating. x2
You start resting.
Eating one of 8 chunks of flesh.
This raw flesh tastes great.
You continue eating. x2
You see here a yak corpse.
There is a sacrificial altar of Ru here.
P - a sapphire potion
Found a quarterstaff.
Found a stone staircase leading down.
There is a stone staircase leading down here.
An orc comes into view.
An orc is nearby!
An orc comes into view. It is wielding a mace.
The orc shouts! x2
A crimson imp comes into view.
The crimson imp shouts!
Prince Ribbit comes into view.
Prince Ribbit gives a loud, deep croak!
Prince Ribbit blinks!
Prince Ribbit hits you!
You miss Prince Ribbit. Prince Ribbit hits you. Prince Ribbit hits you!
You miss Prince Ribbit.
Your claw passes through Prince Ribbit as he momentarily phases out.
Prince Ribbit barely misses you.
You claw Prince Ribbit!
Prince Ribbit begins to bleed from his wounds!
Prince Ribbit hits you!!
* * * LOW HITPOINT WARNING * * *
Prince Ribbit momentarily phases out as your attack passes through him.
Prince Ribbit hits you!
* * * LOW HITPOINT WARNING * * *
You closely miss Prince Ribbit.
Prince Ribbit croaks regally.
Prince Ribbit barely misses you. The orc hits you with a mace.
* * * LOW HITPOINT WARNING * * *
You scratch the orc.
You kill the orc!
Prince Ribbit hits you!!
You die...

Action                   |  1- 3 |  4- 6 |  7- 9 || total
-------------------------+-------+-------+-------++-------
Melee: Unarmed           |    93 |   177 |   169 ||   439
Throw: Tomahawk          |       |       |     4 ||     4
       Stone             |       |       |     2 ||     2
 Stab: Sleeping          |     1 |       |       ||     1
  Eat: Chunk             |    13 |    17 |    13 ||    43

Vault maps used:
D:1:      dpeg_arrival_fog, minmay_rat_gold_closets
D:2:      grunt_temple_overflow_open, st_stairs_13
D:3:      old_standard_altar, first_bread
D:4:      lemuel_round_altar
D:5:      serial_shops, kennysheep_little_box, shop, shop, portal_sewer_entry_d
D:6:      nicolae_overflow_crystal_walls, old_standard_altar, temple_green,
          basic_altar, uniq_iyjb, uniq_prince_ribbit1, uniq_sigmund
Sewer:    sewer_the_crocodile

Notes
Turn   | Place    | Note
--------------------------------------------------------------
     0 | D:1      | Sixotanaka, the Troll Warper, began the quest for the Orb.
     0 | D:1      | Reached XP level 1. HP: 19/19 MP: 2/2
   160 | D:1      | Reached XP level 2. HP: 27/27 MP: 2/2
   265 | D:1      | Reached skill level 3 in Unarmed Combat
   425 | D:1      | Reached XP level 3. HP: 33/33 MP: 3/3
   671 | D:2      | Reached skill level 4 in Unarmed Combat
   744 | D:2      | Found an ancient bone altar of Kikubaaqudgha.
   746 | D:2      | Found a basalt altar of Yredelemnul.
   863 | D:2      | Reached XP level 4. HP: 39/41 MP: 4/4
  1379 | D:3      | Reached skill level 5 in Unarmed Combat
  1461 | D:3      | Found a deep blue altar of Sif Muna.
  1518 | D:3      | Reached XP level 5. HP: 39/48 MP: 3/4
  1913 | D:4      | Reached skill level 6 in Unarmed Combat
  2052 | D:4      | Reached XP level 6. HP: 37/55 MP: 5/5
  2350 | D:4      | Found an opulent altar of Gozag.
  2351 | D:4      | Noticed an ogre
  2363 | D:4      | Killed an ogre
  2363 | D:4      | Reached skill level 7 in Unarmed Combat
  2407 | D:4      | Noticed a phantom
  2428 | D:4      | Killed a phantom
  2605 | D:5      | Entered Level 5 of the Dungeon
  2665 | D:5      | Reached XP level 7. HP: 39/62 MP: 2/5
  2828 | D:5      | Found Giest's Food Emporium.
  2903 | D:5      | Reached skill level 8 in Unarmed Combat
  2910 | D:5      | Found a glowing drain.
  2924 | Sewer    | Entered a sewer
  3237 | D:5      | Found Qisk's General Store.
  3247 | D:5      | Bought a scroll of fog for 30 gold pieces
  3428 | D:5      | Found Klaumuu's Gadget Shop.
  3454 | D:6      | Noticed Sigmund
  3467 | D:6      | Killed Sigmund
  3618 | D:6      | Found a glowing golden altar of the Shining One.
  3692 | D:6      | Reached skill level 9 in Unarmed Combat
  3819 | D:6      | Reached XP level 8. HP: 54/70 MP: 6/6
  3901 | D:6      | Found a sacrificial altar of Ru.
  3901 | D:6      | Noticed Ijyb
  3901 | D:6      | Noticed a yak
  3901 | D:6      | Noticed a yak
  3907 | D:6      | Noticed a yak
  3907 | D:6      | Noticed a yak
  3909 | D:6      | Noticed a yak
  3916 | D:6      | Killed a yak
  3916 | D:6      | Reached skill level 10 in Unarmed Combat
  3929 | D:6      | Killed a yak
  3935 | D:6      | Killed a yak
  3938 | D:6      | HP: 14/70 [yak (7)]
  3940 | D:6      | Killed a yak
  3940 | D:6      | Reached skill level 11 in Unarmed Combat
  3945 | D:6      | Killed Ijyb
  3947 | D:6      | HP: 8/70 [yak (6)]
  3951 | D:6      | Killed a yak
  4078 | D:6      | Noticed Prince Ribbit
  4085 | D:6      | HP: 14/70 [orc/mace (5)]
  4086 | D:6      | Slain by Prince Ribbit

Vanquished Creatures
  5 yaks (D:6)
  An orc warrior (D:6)
  A phantom (D:4)
  A crocodile (Sewer)
  An ogre (D:4)
  Sigmund (D:6)
  A giant frog (D:6)
  A crimson imp (D:6)
  2 hounds
  A jelly (D:5)
  2 orc wizards
  3 worker ants (D:4)
  2 giant frog skeletons (D:6)
  2 orc priests
  Ijyb (D:6)
  A worker ant zombie (D:6)
  10 adders
  A gnoll (D:1)
  A shadow imp (D:4)
  2 giant mites (D:5)
  A worm (D:2)
  4 giant geckos
  An ooze (D:3)
  13 orcs
  10 bats
  A bat skeleton (D:3)
  4 giant cockroaches
  12 goblins
  10 hobgoblins
  11 jackals
  8 kobolds
  2 giant gecko skeletons
  3 giant newts
  A quokka skeleton (D:5)
  19 rats
140 creatures vanquished.
